 Dungeon Crawl Stone Soup version 0.29.1-15-g9cfb28693d (webtiles) character file.

Game seed: 16198595916421169468

177 Jase the Caller (level 5, -2/35 HPs)
             Began as a Merfolk Summoner on Apr 23, 2023.
             Was a High Priest of Ignis.
             Slain by Terence
             ... wielding a +0 flail
              (10 damage)
             ... on level 3 of the Dungeon.
             The game lasted 00:14:37 (3537 turns).

Jase the Caller (Merfolk Summoner)                  Turns: 3537, Time: 00:14:38

Health: -2/35      AC:  3    Str:  8    XL:     5   Next: 57%
Magic:  5/9        EV: 14    Int: 16    God:    Ignis [*****.]
Gold:   102        SH:  0    Dex: 21    Spells: 4/10 levels left

rFire   + . .      SeeInvis .   a - +0 spear
rCold   . . .      Faith    .   (no shield)
rNeg    . . .      Spirit   .   w - +1 robe {Will+}
rPois   .          Reflect  .   (no helmet)
rElec   .          Harm     .   (no cloak)
rCorr   .          Rampage  .   (no gloves)
Will    +....                   (no boots)
Stlth   ++........              (no amulet)
HPRegen 0.11/turn               m - +6 ring of dexterity
MPRegen 0.11/turn               (no ring)

@: no status effects
A: (nimble swimmer 2), mertail
a: Renounce Religion, Fiery Armour, Foxfire Swarm, Rising Flame


You were on level 3 of the Dungeon.
You worshipped Ignis.
Ignis was extremely pleased with you.
You visited 1 branch of the dungeon, and saw 3 of its levels.

You collected 102 gold pieces.

Inventory:

Hand Weapons
 a - a +0 spear (weapon)
Missiles
 g - 19 stones
Armour
 w - a +1 robe of willpower (worn)
Jewellery
 m - a +6 ring of dexterity (left hand)
Scrolls
 c - 3 scrolls of enchant weapon {unknown}
 d - 2 scrolls of immolation {unknown}
 f - 2 scrolls of enchant armour {unknown}
 h - 2 scrolls of identify {unknown}
 i - a scroll of silence {unknown}
 j - a scroll of amnesia {unknown}
 k - 2 scrolls of magic mapping {unknown}
 o - a scroll of vulnerability {unknown}
 p - a scroll of poison {unknown}
 q - a scroll of torment {unknown}
 r - 2 scrolls of blinking {unknown}
 s - 2 scrolls of noise {unknown}
Potions
 b - a potion of magic
 e - 6 potions of mutation {unknown}
 l - 2 potions of ambrosia {unknown}
 n - a potion of brilliance {unknown}
 t - a potion of curing {unknown}
 u - 2 potions of invisibility {unknown}
 v - a potion of degeneration {unknown}


   Skills:
 * Level 2.2 Polearms
 + Level 4.2 Dodging
 - Level 2.1 Stealth
 + Level 3.0 Spellcasting
 + Level 5.2 Summonings


You had 4 spell levels left.
You knew the following spells:

 Your Spells              Type           Power      Damage    Failure   Level
a - Summon Small Mammal   Summ           76%        N/A       2%          1
b - Call Imp              Summ           19%        N/A       3%          2
c - Call Canine Familiar  Summ           19%        N/A       7%          3

Your spell library contained the following spells:

 Spells                   Type           Power      Damage    Failure   Level
 Beastly Appendage        Tmut           4%         N/A       19%         1
 Summon Guardian Golem    Hex/Summ       10%        N/A       19%         3
 Wereblood                Tmut           2%         N/A       28%         2
 Gell's Gravitas          Tloc           2%         N/A       50%         3
 Lesser Beckoning         Tloc           2%         N/A       50%         3
 Spider Form              Tmut/Pois      2%         N/A       50%         3
 Teleport Other           Tloc           2%         N/A       50%         3
 Summon Lightning Spire   Summ/Air       10%        N/A       54%         4
 Airstrike                Air            1%         2d(1-17)  88%         4
 Lightning Bolt           Conj/Air       1%         1d12      99%         5


Dungeon Overview and Level Annotations

Branches:
Dungeon (3/15)

Altars:
Ignis

Annotations:
D:2 Robin
D:3 Terence


Innate Abilities, Weirdness & Mutations

((You are very nimble when in or above water. (Stealth+, EV+, Speed+++)))
Your lower body shifts to a powerful aquatic tail in water.


Message History

Your crimson imp hits Terence but does no damage.
Your bat closely misses Terence.
Casting: Summon Small Mammal (safe; 2% risk of failure)
Confirm with . or Enter, or press ? or * to list all spells.
Your bat closely misses Terence.
Your bat hits Terence but does no damage.
Terence hits your bat with a +0 flail!
Your bat dies!
Your bat's corpse disappears in a puff of smoke!
Your crimson imp hits Terence.
You swap places.
Your bat hits Terence but does no damage.
Terence hits your bat with a +0 flail!
Your bat dies!
Your bat's corpse disappears in a puff of smoke!
You see here a quokka corpse.
There is a stone staircase leading up here.
Casting: Summon Small Mammal (safe; 2% risk of failure)
Confirm with . or Enter, or press ? or * to list all spells.
Terence says, "Don't bother to defend, it's useless."
Terence hits you with a +0 flail.
Your crimson imp blinks!
Unknown command.
Unknown command.
Unknown command.
You hit Terence but do no damage.
Terence is heavily wounded.
Terence hits you with a +0 flail! Terence hits you with a +0 flail.
You swap places.
Terence hits your quokka with a +0 flail!
Your quokka dies!
Your quokka's corpse disappears in a puff of smoke!
Casting: Summon Small Mammal (safe; 2% risk of failure)
Confirm with . or Enter, or press ? or * to list all spells.
Terence hits you with a +0 flail!
* * * LOW HITPOINT WARNING * * *
You closely miss Terence.
Terence is heavily wounded.
Terence hits you with a +0 flail!
You die...

# ## ####.##
.. #.....#
###. #@#
..... #@#
##...######r#
#.........†.#
#.##.########
#


You could see Terence (fast, ally target) and a friendly quokka (summoned).

Vanquished Creatures
  Natasha (thrice) (D:2)
  An adder (D:2)
  A dart slug (D:2)
  A ball python (D:1)
  A giant cockroach (D:2)
  4 goblins
  3 hobgoblins
  2 jackals
  A quokka (D:2)
  2 bats (D:2)
  A frilled lizard (D:1)
  4 kobolds
24 creatures vanquished.

Vanquished Creatures (collateral kills)
  4 adders (D:2)
  2 worms (D:2)
  A bat (D:2)
  An endoplasm (D:2)
  5 goblins (D:2)
  8 hobgoblins
  A jackal (D:1)
  2 quokkas
  A kobold (D:2)
25 creatures vanquished.

Grand Total: 49 creatures vanquished

Notes
Turn   | Place    | Note
-------+----------+-------------------------------------------
     0 | D:1      | Jase the Merfolk Summoner began the quest for the Orb.
     0 | D:1      | Reached XP level 1. HP: 13/13 MP: 3/3
   301 | D:1      | Reached XP level 2. HP: 19/19 MP: 1/5
   884 | D:1      | Found a faded altar of an unknown god.
   894 | D:1      | Prayed at the altar of an unknown god.
   894 | D:1      | Became a worshipper of Ignis, the Dying Flame
  1102 | D:2      | Noticed Robin
  1396 | D:2      | Learned a level 2 spell: Call Imp
  1537 | D:2      | Reached XP level 3. HP: 24/24 MP: 3/6
  1541 | D:2      | Learned a level 3 spell: Call Canine Familiar
  2130 | D:2      | Reached XP level 4. HP: 30/30 MP: 2/7
  2607 | D:2      | Reached skill level 5 in Summonings
  2688 | D:2      | Noticed Natasha
  2704 | D:2      | Killed Natasha
  2705 | D:2      | Reached skill level 1 in Polearms
  2926 | D:2      | Reached XP level 5. HP: 35/35 MP: 9/9
  3254 | D:2      | Noticed Natasha
  3271 | D:2      | Killed Natasha
  3323 | D:2      | Noticed Natasha
  3454 | D:2      | Killed Natasha
  3510 | D:3      | Noticed Terence
  3537 | D:3      | Slain by Terence

Illustrated notes

Levels and vault maps discovered:
D:1:      dpeg_arrival_rooms_a, layout_basic, dreamdust_ecumenical_altar_statues
D:2:      kennysheep_six_static_rooms, layout_loops_ring, uniq_natasha,
          uniq_robin
D:3:      layout_loops_ring, uniq_crazy_yiuf_cottage, uniq_terence

Skill      XL: |  1  2  3  4  5 |
---------------+----------------+-----
Dodging        | 3 4 |  4.2
Summonings     | 5 |  5.2
Polearms       | 1 2 |  2.2
Spellcasting   | 3 |  3.0
Stealth        | |  2.1

Action                   |  1- 3 |  4- 6 || total
-------------------------+-------+-------++-------
Melee: Short sword       |    49 |       ||    49
       Dagger            |    15 |    15 ||    30
       Spear             |       |    65 ||    65
 Cast: Summon Small Mamm |    37 |    14 ||    51
       Call Imp          |     2 |    11 ||    13
 Stab: Sleeping          |     5 |     2 ||     7
       Distracted        |     1 |     3 ||     4
Armor: Robe              |     4 |     4 ||     8
       Leather armour    |    16 |     3 ||    19
Dodge: Dodged            |    36 |    44 ||    80
